 Dungeon Crawl Stone Soup version 0.22.1-1-ga44c0e56f4 (webtiles) character file.

35 Descartes the Insei (level 3, -1/17 HPs)
             Began as a Vine Stalker Transmuter on Nov 11, 2018.
             Succumbed to an adder's poison
             ... on level 2 of the Dungeon.
             The game lasted 00:03:17 (1167 turns).

Descartes the Insei (Vine Stalker Transmuter)       Turns: 1167, Time: 00:03:17

Health: -1/17      AC:  4    Str: 12    XL:     3   Next: 33%
Magic:  3/7        EV: 12    Int: 13    God:
Gold:   18         SH:  0    Dex: 15    Spells: 3/6 levels left

rFire    . . .     SeeInvis .     - Unarmed
rCold    . . .     Gourm    .   (no shield)
rNeg     . . .     Faith    .   k - -2 leather armour (curse)
rPois    .         Spirit   +   (no helmet)
rElec    .         Reflect  .   c - +2 cloak
rCorr    .         Harm     .   (no gloves)
MR       .....                  (no boots)
Stlth    +.........             (no amulet)
HPRegen  0.05/turn              (no ring)
MPRegen  0.10/turn              (no ring)

@: lethally poisoned (-1 -> -20), very slightly contaminated
A: fangs 2, magic shield, antimagic bite, no potion heal 3, rot immunity
a: no special abilities


You were on level 2 of the Dungeon.
You were not hungry.

You visited 1 branch of the dungeon, and saw 2 of its levels.

You collected 18 gold pieces.

Inventory:

Missiles
 a - 33 arrows
 i - 8 stones (quivered)
Armour
 b - a +0 robe
 c - a +2 cloak (worn)
 f - a +0 ring mail
 k - a cursed -2 leather armour (worn)
Scrolls
 h - a scroll of blinking {unknown}
 l - a scroll of remove curse {unknown}
Potions
 e - a potion of ambrosia
 g - a potion of might {unknown}
Comestibles
 d - 3 rations
 j - a chunk of flesh


   Skills:
 - Level 0.8 Fighting
 + Level 2.0 Dodging
 * Level 3.7 Unarmed Combat
 - Level 2.1 Spellcasting
 + Level 2.4 Transmutations


You had 3 spell levels left.
You knew the following spells:

 Your Spells              Type           Power        Failure   Level  Hunger
a - Beastly Appendage     Tmut           #.....       12%         1    ##.....
b - Sticks to Snakes      Tmut           #.......     19%         2    ###....

Your spell library contained the following spells:

 Spells                   Type           Power        Failure   Level  Hunger
 Spider Form              Tmut/Pois      #.........   50%         3    ####...
 Ice Form                 Ice/Tmut       #.......     88%         4    #####..
 Blade Hands              Tmut           #.........   97%         5    ######.


Dungeon Overview and Level Annotations

Branches:
Dungeon (2/15)

Altars:


Innate Abilities, Weirdness & Mutations

You have extremely sharp teeth.
When hurt, damage is shared between your health and your magic reserves.
Your bite disrupts and absorbs the magic of your enemies.
Potions cannot restore your health.
You are immune to rotting.


Message History

You feel sick. The adder bites you.
* * * LOW HITPOINT WARNING * * *
You are lethally poisoned!
The adder poisons you! The adder bites you.
You are more poisoned.
The adder poisons you!
You hit the adder but do no damage. You bite the adder, but do no damage.
The adder is almost dead.
* * * LOW HITPOINT WARNING * * *
You feel sick. The adder bites you.
* * * LOW HITPOINT WARNING * * *
You are more poisoned.
The adder poisons you!
You miss the adder. Your bite misses the adder.
The adder is almost dead.
* * * LOW HITPOINT WARNING * * *
You feel sick. The adder closely misses you.
You hit the adder but do no damage. You bite the adder.
You kill the adder!
You die...

## .. ##.###
#...@#
...............
####...####.###
##.. #.. #..
#.. #..


There were no monsters in sight!

Vanquished Creatures
  An adder (D:2)
  A dart slug (D:1)
  2 leopard geckos (D:1)
  A bat (D:1)
  A giant cockroach (D:1)
  4 hobgoblins (D:1)
  2 kobolds (D:1)
  A ball python (D:1)
  2 frilled lizards (D:1)
  3 goblins (D:1)
  4 rats (D:1)
22 creatures vanquished.

Notes
Turn   | Place    | Note
-------+----------+-------------------------------------------
     0 | D:1      | Descartes the Vine Stalker Transmuter began the quest for
                  | the Orb.
     0 | D:1      | Reached XP level 1. HP: 9/9 MP: 4/4
   144 | D:1      | Reached XP level 2. HP: 8/14 MP: 3/6
   152 | D:1      | Learned a level 2 spell: Sticks to Snakes
   983 | D:1      | Reached XP level 3. HP: 15/17 MP: 4/7
  1167 | D:2      | Succumbed to an adder's poison

Skill      XL: |  1  2  3 |
---------------+----------+-----
Dodging        | 2 |  2.0
Fighting       | |  0.8
Unarmed Combat | |  3.7
Spellcasting   | |  2.1
Transmutations | |  2.4

Action                   || total
-------------------------++-------
Melee: Unarmed           ||    62
       Bite              ||    11
       Headbutt          ||     2
       Kick              ||     1
       Punch             ||     1
 Cast: Beastly Appendage ||     8
  Use: Scroll            ||     3
 Stab: Sleeping          ||     1
  Eat: Chunk             ||     1
Armor: Leather armour    ||     4
       Robe              ||     2
Dodge: Dodged            ||    30
